 Dungeon Crawl Stone Soup version 0.27-a0-1442-g87b6fcb595 (webtiles) character file.

Game seed: 454583966612234496

15964 lightspider the Fighter (level 12, -4/112 HPs)
             Began as a Hill Orc Fighter on July 4, 2021.
             Was a Priest of Beogh.
             Slain by a cane toad (6 damage)
             ... while petrified by a basilisk
             ... on level 2 of the Lair of Beasts.
             The game lasted 00:37:49 (16666 turns).

lightspider the Fighter (Hill Orc Fighter)         Turns: 16666, Time: 00:37:50

Health: -4/112     AC: 22    Str: 22    XL:     12   Next: 32%
Magic:  12/12      EV:  2    Int:  8    God:    Beogh [***...]
Gold:   292        SH:  0    Dex: 10    Spells: 11/11 levels left

rFire    + . .     SeeInvis +   B - +2 demon blade of the Apocalypse {venom, rCorr Str-2 SInv Stlth+}
rCold    + . .     Faith    .   c - +0 kite shield
rNeg     + + +     Spirit   .   J - +3 plate armour {rPois}
rPois    ∞         Reflect  .   g - +0 helmet
rElec    .         Harm     .   S - scarf {rC+ rF+}
rCorr    +         Rampage  .   f - +0 pair of gloves
Will     .....                  h - +0 pair of boots
Stlth    ..........             (no amulet)
HPRegen  0.28/turn              F - ring of positive energy
MPRegen  0.13/turn              G - ring of resist corrosion

@: mighty, petrified
A: no striking features
a: Renounce Religion, Smiting


You were on level 2 of the Lair of Beasts.
You worshipped Beogh.
Beogh was most pleased with you.
You visited 3 branches of the dungeon, and saw 15 of its levels.

You collected 773 gold pieces.
You spent 481 gold pieces at shops.

Inventory:

Hand Weapons
 a - a +1 long sword
 t - a +0 falchion
 v - a +0 scimitar of flaming
 z - the +9 short sword of Guile {vorpal, rCorr}
   (You found it on level 5 of the Dungeon)

   It inflicts extra damage upon your enemies.
   rCorr:     It protects you from acid and corrosion.
 B - the +2 demon blade of the Apocalypse (weapon) {venom, rCorr Str-2 SInv Stlth+}
   (You acquired it on level 11 of the Dungeon)

   It poisons the flesh of those it strikes.
   Str:       It affects your strength (-2).
   SInv:      It lets you see invisible.
   rCorr:     It protects you from acid and corrosion.
   Stlth:     It makes you more stealthy.
Missiles
 n - 55 poisoned darts (quivered)
 w - 5 throwing nets
 U - a curare-tipped dart
 V - 3 atropa-tipped darts
Armour
 b - a +0 scale mail
 c - a +0 kite shield (worn)
 f - a +0 pair of gloves (worn)
 g - a +0 helmet (worn)
 h - a +0 pair of boots (worn)
 i - a +0 tower shield
 k - a +1 plate armour
 o - a +0 cloak
 J - a +3 plate armour of poison resistance (worn)
 M - the +10 Black Knight's barding {ponderous, rPois rN+}
   (You found it on level 10 of the Dungeon)

   rPois:     It protects you from poison.
   rN:        It protects you from negative energy.
 S - a scarf of resistance (worn)
Magical Staves
 r - a staff of fire
Jewellery
 F - a ring of positive energy (left hand)
 G - a ring of resist corrosion (right hand)
 K - an amulet of guardian spirit
 L - a ring of ice
 T - a ring of positive energy
 X - a ring of poison resistance
 Y - a +4 ring of evasion
Wands
 l - a wand of mindburst (13)
 p - a wand of iceblast (9)
 q - a wand of digging (4)
 u - a wand of polymorph (18)
 y - a wand of acid (8)
Scrolls
 e - 3 scrolls of fear
 m - 6 scrolls of identify
 C - 3 scrolls of blinking
 D - 3 scrolls of teleportation
 E - a scroll of magic mapping
 I - 2 scrolls of enchant weapon
 Q - a scroll of fog
Potions
 d - 3 potions of attraction
 j - 4 potions of lignification
 s - 3 potions of magic
 x - 3 potions of degeneration
 A - 2 potions of curing
 N - 2 potions of haste
 P - a potion of cancellation
Miscellaneous
 O - a phial of floods
 W - a piece from Xom's chessboard (15/15)


   Skills:
 + Level 12.2 Fighting
 + Level 11.0 Long Blades
 + Level 11.2 Armour
 + Level 8.3 Dodging
 - Level 3.2 Shields


You had 11 spell levels left.
You didn't know any spells.
Your spell library contained the following spells:

 Spells                   Type           Power      Damage    Failure   Level
 Foxfire                  Conj/Fire      0%         2x1d4     100%        1
 Corpse Rot               Necr/Air       N/A        N/A       100%        2
 Slow                     Hex            0%         N/A       100%        2
 Sublimation of Blood     Necr           0%         N/A       100%        2
 Wereblood                Tmut           0%         N/A       100%        2
 Confusing Touch          Hex            0%         N/A       100%        3
 Conjure Flame            Conj/Fire      0%         6-21      100%        3
 Inner Flame              Hex/Fire       0%         N/A       100%        3
 Dispel Undead            Necr           0%         3d6       100%        4
 Blade Hands              Tmut           0%         N/A       100%        5
 Irradiate                Conj/Tmut      0%         3d13      100%        5
 Yara's Violent Unravell  Hex/Tmut       0%         3d3       100%        5
 Death Channel            Necr           0%         N/A       100%        6
 Dragon Form              Tmut           0%         N/A       100%        7
 Summon Hydra             Summ           0%         N/A       100%        7
 Chain Lightning          Conj/Air       0%         N/A       100%        9
 Fire Storm               Conj/Fire      0%         5d1       100%        9


Dungeon Overview and Level Annotations

Branches:
Dungeon (12/15)            Temple (1/1) D:4            Lair (2/6) D:8
    Orc (0/2) D:9
  Swamp: Lair:2-4    Shoals: Lair:2-4     Snake: Lair:2-4    Spider: Lair:2-4

Altars:
Ashenzari
Cheibriados
Dithmenos
Elyvilon
Fedhas
Gozag
Hepliaklqana
Kikubaaqudgha
Makhleb
Nemelex Xobeh
Okawaru
Qazlal
Ru
Sif Muna
Trog
Uskayaw
Vehumet
Wu Jian
Xom
Yredelemnul
Zin
The Shining One

Shops:
D:5 **   D:10 [

Portals:
Trove: D:11 (give 5 potions of resistance)

Annotations:
D:11 2 transporters, jejorda2's ghost, journeyman MfBe


Message History

The basilisk bites you.
You closely miss the basilisk.
The basilisk is moderately wounded.
You feel sick. The cane toad stings you.
* * * LOW HITPOINT WARNING * * *
The basilisk bites you but does no damage.
You slash the basilisk!
The basilisk looks as sick as possible!
The basilisk is severely wounded.
You feel sick. The cane toad stings you.
* * * LOW HITPOINT WARNING * * *
You block the cane toad's attack. The basilisk bites you!
* * * LOW HITPOINT WARNING * * *
You feel much better.
You feel sick. The cane toad stings you!
* * * LOW HITPOINT WARNING * * *
You are lethally poisoned!
The cane toad poisons you! The basilisk gazes at you.
You are slowing down.
You closely miss the basilisk.
The basilisk is almost dead.
* * * LOW HITPOINT WARNING * * *
You feel extremely sick.
You kill the basilisk!
Beogh accepts your kill. The cane toad stings you!
* * * LOW HITPOINT WARNING * * *
Your limbs are stiffening.
You feel better. The cane toad completely misses you. The cane toad stings you.
* * * LOW HITPOINT WARNING * * *
You have turned to stone.
The cane toad stings you!
* * * LOW HITPOINT WARNING * * *
The cane toad stings you!
* * * LOW HITPOINT WARNING * * *
The cane toad stings you but does no damage.
The cane toad stings you.
* * * LOW HITPOINT WARNING * * *
The cane toad stings you but does no damage. x2
The cane toad stings you!
You die...

..##.........## ..
.....).................
....#.P.....##....>...
#....P.#.#.##......#
.P..........#...##.. .##
#.#......#......#..
....#.......#.........P
..#...#†F.#.#....#..#..
#.....@..P............
...#.....#....#........P
.......#...#......#.#..#
..##..[#...#.P#......# .
#.....#...........#
#.......#......#.....
.>..#.................
..............#......#.
#########....#....#.#.


You could see a cane toad.

Vanquished Creatures
  Erolcha (D:12)
  A vault guard (D:11)
  Harold (D:9)
  Erica (D:8)
  Pikel (D:6)
  A cyclops (D:11)
  A centaur zombie (D:11)
  A black mamba (Lair:2)
  A gargoyle (D:12)
  Joseph (D:8)
  4 cane toads (Lair:1)
  A komodo dragon (Lair:1)
  A rime drake (Lair:1)
  An unseen horror (D:10)
  A hornet (D:8)
  Prince Ribbit (D:6)
  Sigmund (D:5)
  3 wraiths
  25 yaks
  2 wyverns
  A basilisk (Lair:2)
  2 steam dragons (D:7)
  3 wargs (D:8)
  An acid dragon (D:10)
  2 water moccasins
  4 orc warriors
  2 ice beasts (D:6)
  2 ogres (D:6)
  3 wolves (Lair:2)
  3 centaurs
  2 kobold brigands
  4 bullfrogs
  A gnoll sergeant (D:7)
  3 scorpions
  8 killer bees
  7 wights
  A howler monkey (D:7)
  A hound (D:9)
  A jelly (D:7)
  3 orc priests
  Crazy Yiuf (D:5)
  2 gnoll shamans
  An iguana (D:5)
  Jessica (D:2)
  Ijyb (D:3)
  6 orc wizards
  A killer bee zombie (D:7)
  A hound zombie (D:5)
  5 howler monkey zombies
  14 gnolls
  2 adders (D:2)
  2 white imps
  3 ufetubi
  An adder skeleton (D:2)
  5 worms
  4 dart slugs
  14 orcs
  7 bats
  5 endoplasms
  2 giant cockroaches (D:3)
  9 goblins
  6 hobgoblins
  7 jackals
  11 kobolds
  2 quokkas
  6 ball pythons
  A frilled lizard (D:3)
  3 rats
227 creatures vanquished.

Vanquished Creatures (others)
  A gnoll (D:7)
  A fungus (Lair:1)
  3 plants
5 creatures vanquished.

Grand Total: 232 creatures vanquished

Notes
Turn   | Place    | Note
-------+----------+-------------------------------------------
     0 | D:1      | lightspider the Hill Orc Fighter began the quest for the
                  | Orb.
     0 | D:1      | Reached XP level 1. HP: 19/19 MP: 1/1
   536 | D:1      | Reached XP level 2. HP: 27/27 MP: 2/2
   679 | D:2      | Reached skill level 4 in Fighting
   723 | D:2      | Noticed Jessica
   729 | D:2      | Killed Jessica
   730 | D:2      | Reached skill level 1 in Dodging
   730 | D:2      | Reached XP level 3. HP: 21/33 MP: 3/3
   985 | D:2      | Reached XP level 4. HP: 32/40 MP: 4/4
  2121 | D:3      | Noticed Ijyb
  2148 | D:3      | Killed Ijyb
  2149 | D:3      | Reached XP level 5. HP: 35/47 MP: 5/5
  2714 | D:3      | Found a shimmering altar of Xom.
  3499 | D:4      | Reached skill level 5 in Fighting
  3499 | D:4      | Reached XP level 6. HP: 51/56 MP: 6/6
  3713 | D:4      | Found a staircase to the Ecumenical Temple.
  3719 | Temple   | Entered the Ecumenical Temple
  4088 | D:5      | Entered Level 5 of the Dungeon
  4392 | D:5      | Identified the +9 short sword of Guile {vorpal, rCorr}
  4420 | D:5      | Noticed Sigmund
  4430 | D:5      | Killed Sigmund
  4431 | D:5      | Reached skill level 5 in Armour
  4431 | D:5      | Reached XP level 7. HP: 46/62 MP: 7/7
  4574 | D:5      | Found a runed translucent door.
  4575 | D:5      | Noticed Crazy Yiuf
  4723 | D:5      | Found Popih's General Store.
  4727 | D:5      | Found Oratiomi's Specific Store.
  4961 | D:5      | Killed Crazy Yiuf
  5170 | D:6      | Reached skill level 6 in Fighting
  5211 | D:6      | Reached skill level 5 in Long Blades
  5214 | D:6      | Reached XP level 8. HP: 52/71 MP: 8/8
  5440 | D:6      | Noticed Prince Ribbit
  5462 | D:6      | Killed Prince Ribbit
  5482 | D:6      | Noticed Pikel
  5502 | D:6      | Killed Pikel
  5503 | D:6      | Reached skill level 7 in Fighting
  5744 | D:6      | Became a worshipper of Beogh the Brigand
  5850 | D:7      | Reached XP level 9. HP: 72/79 MP: 9/9
  6164 | D:7      | Reached skill level 8 in Fighting
  6200 | D:7      | Reached skill level 5 in Dodging
  6236 | D:7      | Reached * piety under Beogh
  7373 | D:8      | Noticed a hornet
  7380 | D:8      | Paralysed by a hornet for 1 turns
  7385 | D:8      | Killed a hornet
  7557 | D:8      | Noticed Joseph
  7572 | D:8      | Killed Joseph
  7697 | D:8      | Noticed Erica
  7736 | D:7      | Reached skill level 9 in Fighting
  8046 | D:7      | Reached XP level 10. HP: 91/91 MP: 10/10
  9026 | D:8      | HP: 4/136 [something/lance of force (13)]
  9029 | D:8      | Killed Erica
  9857 | D:8      | Found a staircase to the Lair.
 10000 | D:9      | Found a staircase to the Orcish Mines.
 10065 | D:8      | Reached skill level 10 in Fighting
 10611 | D:9      | Reached ** piety under Beogh
 11236 | D:9      | Reached XP level 11. HP: 89/101 MP: 11/11
 11411 | D:9      | Noticed Harold
 11428 | D:9      | Killed Harold
 11752 | D:9      | Reached skill level 10 in Armour
 11920 | D:10     | Entered Level 10 of the Dungeon
 12383 | D:10     | Found Jaerheki's Armour Shop.
 12391 | D:10     | Bought a +2 plate armour of poison resistance for 481 gold
                  | pieces
 12650 | D:10     | Reached skill level 11 in Fighting
 12961 | D:10     | Found the +10 Black Knight's barding {ponderous, rPois rN+}
 13519 | D:11     | Noticed a vault guard
 13536 | D:11     | Killed a vault guard
 13537 | D:11     | Reached skill level 10 in Long Blades
 13678 | D:11     | Found a portal to a secret trove of treasure.
 13687 | D:11     | Identified a scroll of acquirement
 13687 | D:11     | Acquired the +2 demon blade of the Apocalypse {venom, rCorr
                  | Str-2 SInv Stlth+}
 13724 | D:11     | Found a stormy altar of Qazlal.
 13754 | D:11     | Identified the +0 robe "Efuconn" {Regen+ rCorr Str+2}
 13772 | D:11     | Noticed jejorda2's ghost (journeyman MfBe)
 13772 | D:11     | Noticed a moth of wrath
 13775 | D:11     | Found a transporter.
 13775 | D:11     | Noticed a tengu warrior
 13785 | D:11     | Found a bloodstained altar of Trog.
 13793 | D:11     | Found a transporter.
 13895 | D:11     | Noticed a cyclops
 13906 | D:11     | Killed a cyclops
 14487 | D:12     | Noticed Erolcha
 14495 | D:12     | Killed Erolcha
 14699 | D:12     | Noticed a boulder beetle
 14717 | D:12     | Reached *** piety under Beogh
 14965 | Lair:1   | Entered Level 1 of the Lair of Beasts
 15057 | Lair:1   | Reached XP level 12. HP: 104/111 MP: 12/12
 15583 | Lair:1   | Reached skill level 12 in Fighting
 16659 | Lair:2   | HP: 5/112 [cane toad (8)]
 16663 | Lair:2   | HP: 2/112 [cane toad (2)]
 16666 | Lair:2   | Slain by a cane toad

Illustrated notes

Levels and vault maps discovered:
D:1:      amcnicky_arrival_abandoned_market, layout_basic, glass_columns_a
D:2:      layout_loops_corners, serial_glass, glass_columns_a, glass_columns_a,
          due_unseen_surprise, minmay_vboxes, uniq_jessica
D:3:      layout_loops_ring, xom_teletrap_fun, minmay_puff, uniq_ijyb
D:4:      layout_rooms, minmay_temple_entry_enclosed_plants
D:5:      layout_basic, minivault_25, nicolae_specific_store, uniq_sigmund,
          uniq_crazy_yiuf_cottage
D:6:      layout_loops_ring, minmay_misc_feat_diagonals, uniq_prince_ribbit1,
          uniq_pikel
D:7:      layout_basic, enter_bailey_2, minmay_misc_feat_tower
D:8:      layout_gridville, dpeg_oklobed_lair, uniq_joseph, uniq_erica
D:9:      layout_stronghold, minmay_orc_entry_guard_dogs, uniq_harold
D:10:     layout_stronghold, serial_shops, nicolae_stop_n_shop_1
D:11:     layout_loops_ring, enter_trove_5, gammafunk_ghost_wrathful_warriors,
          grunt_qazlal_clouds
D:12:     minmay_smoke_and_mirrors, layout_irregular_city, uniq_erolcha
Temple:   nicolae_temple_the_god_donut
Lair:1:   layout_concentric_octagons
Lair:2:   nzn_winding_woodlands_medium [nzn_winding_woodlands_5x5_perimeter,
          nzn_winding_woodlands_5x15_pockets, nzn_winding_woodlands_hourglass,
          nzn_winding_woodlands_5x5_closed_star,
          nzn_winding_woodlands_center_triple_pond,
          nzn_winding_woodlands_5x5_default, nzn_winding_woodlands_5x5_three,
          nzn_winding_woodlands_5x15_default,
          nzn_winding_woodlands_5x5_open_star], layout_long_grid,
          skrybe_swamp_entry_bodies

Skill      XL: |  1  2  3  4  5  6  7  8  9 10 11 12 |
---------------+-------------------------------------+-----
Fighting       | 4 5 6 7 9 10 11 12 | 12.2
Dodging        | 1 2 3 4 5 6 7 8 |  8.3
Long Blades    | 3 4 5 6 7 9 10 11 | 11.0
Armour         | 4 5 6 8 9 10 11 | 11.2
Shields        | |  3.2

Action                   |  1- 3 |  4- 6 |  7- 9 | 10-12 || total
-------------------------+-------+-------+-------+-------++-------
Melee: Long sword        |    47 |   214 |       |       ||   261
       Short sword       |       |     7 |   205 |   369 ||   581
       Demon blade       |       |       |       |   179 ||   179
Throw: Dart              |       |       |     6 |     4 ||    10
Invok: Convert to Beogh  |       |       |     1 |       ||     1
Evoke: Wand              |       |       |       |     7 ||     7
  Use: Scroll            |       |       |    14 |     6 ||    20
       Potion            |       |       |     7 |     5 ||    12
Armor: Scale mail        |    31 |    12 |       |       ||    43
       Plate armour      |       |   129 |   135 |   321 ||   585
       Skin              |       |       |     2 |     3 ||     5
Dodge: Dodged            |    25 |    45 |    49 |   137 ||   256
Block: Kite shield       |    26 |    95 |   117 |   247 ||   485
       Rpst.: Long sword |     6 |    10 |       |       ||    16
       Demon blade       |       |       |       |    11 ||    11

Table legend: (Time is in decaauts)
 A = Elapsed time spent in this place.
 B = Non-inter-level travel time spent in this place.
 C = Inter-level travel time spent in this place.
 D = Time resting spent in this place.
 E = Time spent auto-exploring this place.
 F = Levels seen in this place.
 G = Mean time per level.
                   A        B        C        D        E       F      G
               +--------+--------+--------+--------+--------+-----+--------+
         Total |  16907 |  16127 |    780 |   5530 |   7493 |  15 | 1127.1 |
       Dungeon |  14925 |  14202 |    723 |   4739 |   6628 |  12 | 1243.8 |
        Temple |    279 |    279 |      0 |      0 |    256 |   1 |  279.0 |
          Lair |   1702 |   1645 |     57 |    791 |    609 |   2 |  851.0 |
               +--------+--------+--------+--------+--------+-----+--------+

Top non-repeatable levels by time:
     D:7: 2470 daAuts
     D:8: 2063 daAuts
     D:9: 1750 daAuts
    D:10: 1601 daAuts
  Lair:1: 1597 daAuts
     D:2: 1378 daAuts
     D:3: 1210 daAuts
     D:5: 1040 daAuts
    D:11: 907 daAuts
     D:6: 747 daAuts
     D:1: 668 daAuts
     D:4: 662 daAuts
    D:12: 425 daAuts
  Temple: 279 daAuts
  Lair:2: 105 daAuts
